 Dungeon Crawl Stone Soup version 0.31-a0-142-g31f6795574 (webtiles) character file.

Game seed: 7245984407483967927

61 timneilson the Shield-Bearer (level 4, -3/28 HPs)
             Began as a Gargoyle Fighter on June 3, 2023.
             Frozen to death by an endoplasm (4 damage)
             ... on level 2 of the Dungeon.
             The game lasted 00:02:08 (1229 turns).

timneilson the Shield-Bearer (Gargoyle Fighter)     Turns: 1229, Time: 00:02:09

Health: -3/28      AC: 15    Str: 20    XL:     4   Next: 7%
Magic:  4/4        EV:  8    Int:  8    God:
Gold:   51         SH:  4    Dex: 11    Spells: 3/3 levels left

rFire   . . .        a - +0 long sword
rCold   . . .        c - +0 buckler
rNeg    + . .        h - +0 chain mail
rPois   ∞            (no helmet)
rElec   +            (no cloak)
rCorr   .            f - +0 pair of gloves
SInv    .            j - +0 pair of boots
Will    .....        (no amulet) Stlth
                     (no ring)
HPRegen 0.24/turn    (no ring)
MPRegen 0.09/turn

%: no passive effects
@: no status effects
A: sickness immunity, AC +3, negative energy resistance 1, electricity
resistance, torment resistance 1, petrification resistance
a: no special abilities


You were on level 2 of the Dungeon.
You visited 1 branch of the dungeon, and saw 2 of its levels.

You collected 51 gold pieces.

Inventory:

Hand Weapons
 a - a +0 long sword (weapon)
Armour
 c - a +0 buckler (worn)
 f - a +0 pair of gloves (worn)
 h - a +0 chain mail (worn)
 j - a +0 pair of boots (worn)
Scrolls
 m - a scroll of identify
Potions
 b - a potion of cancellation
 d - a potion of might
 g - a potion of lignification
 i - a potion of haste {unknown}
 k - a potion of degeneration {unknown}
 l - 2 potions of heal wounds {unknown}


   Skills:
 + Level 3.5 Fighting
 * Level 2.4 Long Blades
 * Level 3.8 Armour
 + Level 0.8 Dodging
 * Level 4.0 Shields


You had 3 spell levels left.
You didn't know any spells.
Your spell library was empty.

Dungeon Overview and Level Annotations

Branches:
Dungeon (2/15)

Altars:


Innate Abilities, Weirdness & Mutations

You are immune to sickness and miasma.
Your stone body is resilient. (AC +3)
You are immune to poison.
You resist negative energy. (rN+)
You are resistant to electric shocks. (rElec)
You are resistant to unholy torment.
You are immune to petrification.


Message History

The hobgoblin hits you but does no damage. x2
You slash the hobgoblin!
You kill the hobgoblin!
Your Shields skill increases to level 4!
You hit the endoplasm.
The endoplasm is moderately wounded.
The endoplasm barely misses you.
You hit the endoplasm but do no damage.
The endoplasm is moderately wounded.
The endoplasm freezes you.
You are frozen.
The endoplasm freezes you.
You are frozen.
You hit the endoplasm.
The endoplasm is heavily wounded.
The endoplasm barely misses you.
You slash the endoplasm!
You kill the endoplasm!
You hit the endoplasm but do no damage. You block the endoplasm's attack.
The endoplasm hits you.
You barely miss the endoplasm. The endoplasm freezes you.
You are frozen.
* * * LOW HITPOINT WARNING * * *
You hit the endoplasm.
The endoplasm is moderately wounded.
The endoplasm hits you but does no damage.
You hit the endoplasm but do no damage.
The endoplasm is moderately wounded.
The endoplasm freezes you.
You are frozen.
* * * LOW HITPOINT WARNING * * *
The endoplasm freezes you.
You are frozen.
* * * LOW HITPOINT WARNING * * *
You completely miss the endoplasm.
The endoplasm is moderately wounded.
The endoplasm freezes you.
You are frozen.
You die...

#.............
..<.................
.............##...#
....##.......##....
...#####.....#.#.. ...#
##........# #(.
#........# #J#
#...#....... #@#
#...###.#... #)# #....
#......
#.####.##........#
#..##..# ##.###...
###.##.####>.......
####.........#.......#
....#.........#.......#
..............#........
.......................


You could see an endoplasm.

Vanquished Creatures
  An adder (D:2)
  A dart slug (D:1)
  4 orcs (D:2)
  7 ball pythons
  4 endoplasms
  3 giant cockroaches (D:1)
  3 goblins
  5 hobgoblins
  6 kobolds
  3 bats
  2 frilled lizards (D:1)
39 creatures vanquished.

Notes
Turn   | Place    | Note
-------+----------+-------------------------------------------
     0 | D:1      | timneilson the Gargoyle Fighter began the quest for the
                  | Orb.
     0 | D:1      | Reached XP level 1. HP: 14/14 MP: 1/1
   241 | D:1      | Reached XP level 2. HP: 19/19 MP: 2/2
   546 | D:1      | Reached XP level 3. HP: 23/23 MP: 3/3
   589 | D:1      | Found a faded altar of an unknown god.
  1218 | D:2      | Reached XP level 4. HP: 6/28 MP: 4/4
  1221 | D:2      | Reached skill level 4 in Shields
  1228 | D:2      | HP: 1/28 [frozen (3)]
  1229 | D:2      | Frozen to death by an endoplasm

Illustrated notes

Levels and vault maps discovered:
D:1:      dpeg_chamrin_arrival_tetris, layout_basic,
          chequers_ecumenical_altar_simple_redux
D:2:      layout_rooms, basic_altar

Skill      XL: |  1  2  3  4 |
---------------+-------------+-----
Long Blades    | 2 |  2.4
Shields        | 4 |  4.0
Fighting       | |  3.5
Armour         | |  3.8
Dodging        | |  0.8

Action                     |  1- 3 |  4- 6 || total
---------------------------+-------+-------++-------
  Melee: Long sword        |   156 |    11 ||   167
    Use: Scroll            |     3 |       ||     3
         Potion            |       |     1 ||     1
 Armour: Scale mail        |    21 |       ||    21
         Chain mail        |   124 |     4 ||   128
  Dodge: Dodged            |    83 |     2 ||    85
  Block: Buckler           |    36 |     1 ||    37

Table legend: (Time is in decaauts)
 A = Elapsed time spent in this place.
 B = Non-inter-level travel time spent in this place.
 C = Inter-level travel time spent in this place.
 D = Time resting spent in this place.
 E = Time spent auto-exploring this place.
 F = Levels seen in this place.
 G = Mean time per level.
                   A        B        C        D        E       F      G
               +--------+--------+--------+--------+--------+-----+--------+
         Total |   1282 |   1214 |     68 |      0 |    840 |   2 |  641.0 |
       Dungeon |   1282 |   1214 |     68 |      0 |    840 |   2 |  641.0 |
               +--------+--------+--------+--------+--------+-----+--------+

Top non-repeatable levels by time:
     D:1: 1068 daAuts
     D:2: 213 daAuts
